 Dungeon Crawl Stone Soup version 0.26-a0-113-gd8a95b691d (webtiles) character file.

Game seed: 15152475056106364416

604 Ocherednoy the Covered (level 7, -1/66 HPs)
             Began as a Deep Dwarf Fighter on June 26, 2020.
             Slain by a river rat (7 damage)
             ... on level 4 of the Dungeon.
             The game lasted 00:11:16 (3439 turns).

Ocherednoy the Covered (Deep Dwarf Fighter)         Turns: 3439, Time: 00:11:17

Health: -1/66      AC:  9    Str: 22    XL:     7   Next: 18%
Magic:  7/7        EV:  7    Int:  8    God:
Gold:   228        SH: 10    Dex: 12    Spells: 6/6 levels left

rFire    . . .     SeeInvis +   a - +0 war axe
rCold    . . .     Faith    +   c - +0 kite shield
rNeg     + . .     Spirit   .   b - +0 scale mail
rPois    .         Reflect  .   u - +0 helmet
rElec    .         Harm     .   (no cloak)
rCorr    .                      (no gloves)
MR       +....                  r - +0 pair of boots
Stlth    ..........             o - amulet of faith
HPRegen  0.00/turn              g - ring of see invisible
MPRegen  0.10/turn              x - ring of positive energy

@: non-regenerating
A: damage resistance, heal wounds, sense surroundings 1, no regeneration
a: Heal Wounds


You were on level 4 of the Dungeon.
You were hungry.

You visited 1 branch of the dungeon, and saw 4 of its levels.

You collected 228 gold pieces.

Inventory:

Hand Weapons
 a - a +0 war axe (weapon)
Armour
 b - a +0 scale mail (worn)
 c - a +0 kite shield (worn)
 r - a +0 pair of boots (worn)
 u - a +0 helmet (worn)
Jewellery
 g - a ring of see invisible (left hand)
 o - an amulet of faith (around neck)
 x - a ring of positive energy (right hand)
Wands
 y - a wand of random effects (20)
 A - a wand of enslavement (3)
Scrolls
 e - a scroll of magic mapping {unknown}
 h - 2 scrolls of fog
 l - a scroll of teleportation
 p - 2 scrolls of identify
Potions
 i - a potion of ambrosia {unknown}
 j - a potion of flight {unknown}
 m - a potion of curing
 s - 2 potions of cancellation {unknown}
 t - a potion of degeneration {unknown}
Comestibles
 d - 4 chunks of flesh
 f - 11 rations


   Skills:
 + Level 4.4 Fighting
 + Level 4.6 Axes
 + Level 5.4 Armour
 + Level 5.3 Shields


You had 6 spell levels left.
You didn't know any spells.
Your spell library contained the following spells:

 Spells                   Type           Power        Failure   Level  Hunger
 Animate Skeleton         Necr           N/A          98%         1    ##.....
 Apportation              Tloc           #.....       98%         1    ##.....
 Corona                   Hex            #......      98%         1    ##.....
 Summon Small Mammal      Summ           #...         98%         1    ##.....


Dungeon Overview and Level Annotations

Branches:
Dungeon (4/15)
 Temple: D:4-7

Altars:
Ashenzari
Cheibriados
Elyvilon
Okawaru
Trog
Xom
Yredelemnul

Shops:
D:4 *


Innate Abilities, Weirdness & Mutations

You are resistant to damage.
You can heal yourself by infusing magical energy.
You passively map a small area around you.
You do not regenerate.


Message History

Your scale mail prevents you from hitting the river rat.
You block the river rat's attack. The river rat barely misses you.
You completely miss the river rat. The river rat completely misses you.
You barely miss the river rat. You block the river rat's attack.
You slash the river rat!
The river rat is almost dead.
The river rat bites you.
* * * LOW HITPOINT WARNING * * *
The river rat bites you.
* * * LOW HITPOINT WARNING * * *
You closely miss the river rat.
The river rat is almost dead.
The river rat barely misses you.
You barely miss the river rat.
The river rat is almost dead.
The river rat barely misses you.
Your shield prevents you from hitting the river rat.
The river rat is almost dead.
The river rat bites you!
You die...

....######...#..#####...##≈.≈≈#
........#...##.### #.#.##.≈≈##
....###............ #.#.###≈###
....#...#.#.#...... #.........#
..........#.#......*........###
...................,.#..#####
............######## #.
..#...##.#### #########
........∩..# ##@≈≈≈≈≈≈##
.......#.#.####r#######.#
..............#≈# ≈ ≈*#.#
.......#####..#≈# * #≈#
..............#≈# * #≈#
#####..#.###.##≈# * #≈# *##
##...# #.##.#* * #≈# ≈#
##..###..#≈# * *≈#≈# ≈#
##....#.##≈, ≈##≈# ##≈##


You could see a river rat.

Vanquished Creatures
  A phantom (D:3)
  An ogre (D:4)
  A bullfrog (D:3)
  A quasit (D:3)
  2 hounds
  2 worker ants (D:4)
  Robin (D:2)
  3 gnolls (D:4)
  6 adders
  3 oozes
  4 worms
  2 dart slugs
  3 leopard geckos (D:4)
  5 bats
  4 giant cockroaches
  25 goblins
  10 hobgoblins
  8 jackals
  8 kobolds
  3 ball pythons
  4 frilled lizards
  12 rats
109 creatures vanquished.

Notes
Turn   | Place    | Note
-------+----------+-------------------------------------------
     0 | D:1      | Ocherednoy the Deep Dwarf Fighter began the quest for the
                  | Orb.
     0 | D:1      | Reached XP level 1. HP: 20/20 MP: 1/1
   114 | D:1      | Reached XP level 2. HP: 24/27 MP: 2/2
   478 | D:1      | Reached XP level 3. HP: 28/34 MP: 3/3
   831 | D:2      | Found a basalt altar of Yredelemnul.
   937 | D:2      | Reached XP level 4. HP: 23/42 MP: 4/4
  1134 | D:2      | Noticed Robin
  1401 | D:2      | Reached XP level 5. HP: 36/49 MP: 5/5
  1559 | D:2      | Killed Robin
  1597 | D:2      | Found a shattered altar of Ashenzari.
  1751 | D:2      | Found a white marble altar of Elyvilon.
  2154 | D:3      | Noticed a phantom
  2216 | D:3      | Killed a phantom
  2216 | D:3      | Reached XP level 6. HP: 20/57 MP: 6/6
  2412 | D:3      | Found a bloodstained altar of Trog.
  2592 | D:3      | Found a shimmering altar of Xom.
  2630 | D:3      | Reached skill level 5 in Armour
  2915 | D:4      | Reached skill level 5 in Shields
  2953 | D:4      | Found an iron altar of Okawaru.
  3007 | D:4      | Reached XP level 7. HP: 34/64 MP: 7/7
  3037 | D:4      | Found a snail-covered altar of Cheibriados.
  3147 | D:4      | Found Ekkulis's Assorted Antiques.
  3439 | D:4      | Slain by a river rat

Illustrated notes

Levels and vault maps discovered:
D:1:      evilmike_arrival_rings, layout_loops_ring
D:2:      layout_basic, kennysheep_ying_yang, ashenzari_altar_1, first_ration,
          nrook_mini_backslash, uniq_robin
D:3:      layout_loops_ring, lemuel_crystal_altar, trog_hazing_becter
D:4:      layout_rooms, overflow_temple_1_default, lemuel_crystal_altar,
          gup_sewer_entry_spiral, serial_rivers, chequers_serial_rivers_micro_d,
          chequers_serial_rivers_small_b, chequers_serial_rivers_micro_a,
          chequers_serial_rivers_room_a, chequers_serial_rivers_large_b,
          chequers_serial_rivers_marsh, serial_shops, nicolae_shop_crystal

Skill      XL: |  1  2  3  4  5  6 |
---------------+-------------------+-----
Fighting       | 3 4 |  4.4
Axes           | 3 4 |  4.6
Armour         | 4 5 |  5.4
Shields        | 4 5 |  5.3

Action                   |  1- 3 |  4- 6 |  7- 9 || total
-------------------------+-------+-------+-------++-------
Melee: War axe           |   133 |   266 |   103 ||   502
       Unarmed           |       |    18 |       ||    18
  Use: Potion            |       |     6 |       ||     6
       Scroll            |       |     7 |       ||     7
  Eat: Chunk             |       |     8 |     1 ||     9
Armor: Scale mail        |    71 |   211 |    29 ||   311
Dodge: Dodged            |    53 |   127 |    26 ||   206
Block: Kite shield       |    84 |   218 |    41 ||   343

Table legend:
 A = Non-vault XP
 B = Vault XP
 C = Vault XP percentage of total XP
 D = Non-vault monster count
 E = Vault monster count
 F = Vault count percentage of total count
                 A         B        C        D         E       F
            +---------+---------+-------+---------+---------+-------
      Total |     807 |      56 |   6.5 |      88 |      21 |  19.3
            +---------+---------+-------+---------+---------+-------
        D:1 |      63 |       7 |  10.0 |      31 |       4 |  11.4
        D:2 |     152 |      28 |  15.6 |      27 |       8 |  22.9
        D:3 |     297 |      10 |   3.3 |      19 |       6 |  24.0
        D:4 |     295 |      11 |   3.6 |      11 |       3 |  21.4
            +---------+---------+-------+---------+---------+-------
